 Dungeon Crawl Stone Soup version 0.17-a0-484-g0e03f6a (webtiles) character file.

49 PolkaDot the Caller (level 3, -3/24 HPs)
             Began as a Vampire Summoner on Apr 11, 2015.
             Slain by a sky beast (6 damage)
             ... on level 2 of the Dungeon.
             The game lasted 00:03:17 (1690 turns).

PolkaDot the Caller (Vampire Summoner)              Turns: 1690, Time: 00:03:18

Health: -3/24      AC:  2    Str:  7    XL:     3   Next: 51%
Magic:  3/6        EV: 12    Int: 18    God:
Gold:   26         SH:  0    Dex: 14    Spells: 2 memorised, 3 levels left

rFire  . . .     SeeInvis +     d - +0 quarterstaff
rCold  . . .     Clarity  .     a - +0 robe
rNeg   . . .     SustAb   .     (no shield)
rPois  .         Gourm    .     (no helmet)
rElec  .         Spirit   .     (no cloak)
rCorr  .         Warding  .     (no gloves)
rMut   .         Stasis   .     (no boots)
MR     .....                    (no amulet)
Stlth  ++........               (no ring)
                                (no ring)

@: regenerating quickly, not resistant to hostile enchantments, unstealthy
A: fangs 3, see invisible, unbreathing
a: no special abilities


You were on level 2 of the Dungeon.
You were full.

You visited 1 branch of the dungeon, and saw 2 of its levels.

You collected 26 gold pieces.

Inventory:

Hand weapons
 d - a +0 quarterstaff (weapon)
Armour
 a - a +0 robe (worn)
Jewellery
 g - an uncursed ring of fire {unknown}
Scrolls
 c - a scroll of teleportation {unknown}
 e - a scroll of remove curse {unknown}
 f - a scroll of blinking {unknown}
Books
 b - a book of Callings

   Spells                             Type                      Level
   a - Summon Small Mammal            Summoning                    1
   b - Call Imp                       Summoning                    2
   c - Call Canine Familiar           Summoning                    3
   d - Summon Guardian Golem          Hexes/Summoning              3
   e - Summon Lightning Spire         Summoning/Air                4
   f - Summon Ice Beast               Ice/Summoning                4


   Skills:
 * Level 1.0 Staves
 - Level 2.1 Dodging
 - Level 3.0 Stealth
 - Level 2.1 Spellcasting
 + Level 4.9 Summonings


You had 3 spell levels left.
You knew the following spells:

 Your Spells              Type           Power        Failure   Level  Hunger
s - Call Imp              Summ           ###.....     3%          2    ###....
z - Summon Small Mammal   Summ           ###.         1%          1    #......


Dungeon Overview and Level Annotations

Branches:
Dungeon (2/15)

Altars:


Innate Abilities, Weirdness & Mutations

Your natural rate of healing is unusually fast.
You have razor-sharp teeth.
You have supernaturally acute eyesight.
You can survive without breathing.


Message History

* * * LOW HITPOINT WARNING * * *
The sky beast shocks you.
* * * LOW HITPOINT WARNING * * *
Your crimson imp misses the sky beast.
The worm bites your crimson imp!
You aren't carrying any potions.
Your crimson imp blinks!
Casting: Call Imp
Confirm with . or Enter, or press ? or * to list all spells.
A metallic apparition takes form in the air.
* * * LOW MAGIC WARNING * * *
The sky beast flickers out of sight for a moment.
The sky beast barely misses you.
Your crimson imp hits the worm.
The worm bites your crimson imp!
Your crimson imp hits the worm but does no damage.
Your crimson imp hits the worm.
The worm bites your crimson imp. The sky beast hits you.
* * * LOW HITPOINT WARNING * * *
The sky beast shocks you.
You die...

... .. #.# #.........# #.# #.
##+## #........## ..# #. ##...##
#..>....## ### #. ##.....##
#.......# .##.##. ##.......##
##.###.##
........##.........####...^..####
#........'5........+.............
#.#...####w5....Y..####....#####.
..# ##.....@.## ##.#.# #.
##.....#### ###.# #< #.........#
#.# #. #.##+####.# #.# #. #.##.#
#.# #.# #. #.##.####.######.# #.
#.#..............# #.
#.#...#.#.######## #.
########......)#.# #.


You could see a worm, a sky beast, a friendly iron imp and a friendly crimson
imp.

Vanquished Creatures
  An adder (D:2)
  A worm (D:2)
  3 bats (D:2)
  2 hobgoblins (D:2)
  A giant newt (D:1)
  6 goblins
  3 kobolds
  3 rats
20 creatures vanquished.

Vanquished Creatures (collateral kills)
  An adder (D:2)
  A worm (D:2)
  An ooze (D:1)
  A hobgoblin (D:1)
  A kobold (D:1)
  A giant newt (D:1)
  A goblin (D:1)
  A rat (D:1)
8 creatures vanquished.

Grand Total: 28 creatures vanquished

Notes
Turn   | Place    | Note
--------------------------------------------------------------
     0 | D:1      | PolkaDot, the Vampire Summoner, began the quest for the Orb.
     0 | D:1      | Reached XP level 1. HP: 13/13 MP: 3/3
   433 | D:1      | Reached XP level 2. HP: 11/19 MP: 0/5
   676 | D:1      | Learned a level 2 spell: Call Imp
  1118 | D:2      | Reached XP level 3. HP: 8/24 MP: 3/6
  1581 | D:2      | Reached skill level 1 in Staves
  1673 | D:2      | Noticed a sky beast
  1690 | D:2      | Slain by a sky beast

Action                   || total
-------------------------++-------
Melee: Unarmed           ||    22
       Short sword       ||    26
       Quarterstaff      ||    23
 Cast: Summon Small Mamm ||    12
       Call Imp          ||     7
  Use: Potion            ||     3
 Stab: Sleeping          ||     9
  Eat: Corpse            ||    10
